[Event "*** Titled Tuesday Blitz"]
[Site "Chess.com"]
[Date "2018.09.04"]
[Round "5"]
[White "Winehouse83"]
[Black "VerdeNotte"]
[Result "0-1"]
[WhiteElo "2475"]
[BlackElo "2824"]
[TimeControl "180+2"]
[EndTime "14:43:40 PDT"]
[Termination "VerdeNotte won on time"]

1. d4 Nf6 2. c4 g6 3. Nc3 Bg7 4. e4 d6 5. Be2 O-O 6. Bg5 c5 7. d5 h6 8. Bf4 e5 9. dxe6 Bxe6 10. Nf3 Nc6 11. O-O Nd4 12. Nxd4 cxd4 13. Qxd4 Nd5 14. Qd2 Nxf4 15. Qxf4 Rc8 16. Nd5 Bxd5 17. exd5 Re8 18. Bd3 h5 19. Rab1 Be5 20. Qd2 Qf6 21. Rfe1 Bd4 22. b3 Bc3 23. Rxe8+ Rxe8 24. Qc2 b6 25. Rc1 Bb2 26. Rb1 Bd4 27. Qd2 Kg7 28. g3 h4 29.
Qf4 Qxf4 30. gxf4 f5 31. Kg2 Kf6 32. h3 Bc3 33. Kf3 a5 34. Rc1 Bd4 35. Kg2 Kf7 36. Kf1 Bg7 37. Re1 Rd8 38. Kg2 Bf8 39. Re6 Ra8 40. Bc2 Rc8 41. Bd3 Be7 42. Kf3 Rc7 43. Ke2 Ra7 44. Bc2 Ra8 45. Kd1 Bf8 46. Ke2 Rc8 47. Bd3 Rc5 48. Kf3 Be7 49. Re1 Rc8 50.
Re6 Rc7 51. Re1 Rc5 52. Re2 Rc8 53. Re1 Ra8 54. Bc2 Rg8 55. Rg1 Bf6 56. Re1 Bd4 57. Re6 Bc5 58. Bd3 Ra8 59. Bc2 Ra7 60. Kg2 Rb7 61.
Bd3 Rc7 62. Kf3 Re7 63. Rxe7+ Kxe7 64. Bc2 Bd4 65. Bd3 Kd7 66. Ke2 Kc7 67. Bc2 Kb7 68. Bd3 Ka6 69. Ke1 Bc5 70. Ke2 a4 71. Kd2 Ka5 0-1

[Event "*** Titled Tuesday Blitz"]
[Site "Chess.com"]
[Date "2018.09.04"]
[Round "5"]
[White "MikaelyanArman"]
[Black "TheRigos"]
[Result "1-0"]
[WhiteElo "2670"]
[BlackElo "2425"]
[TimeControl "180+2"]
[EndTime "14:43:41 PDT"]
[Termination "MikaelyanArman won by resignation"]

1. e4 c5 2. Nf3 d6 3. d4 cxd4 4.
Nxd4 Nf6 5. Nc3 a6 6. Bg5 e6 7. f4 h6 8. Bh4 Qb6 9. a3 Be7 10. Bf2 Qc7 11. Be2 Nbd7 12. Qd2 b5 13. O-O-O Bb7 14. Bf3 g5 15. f5 e5 16. Nb3 g4 17. Be2 Nxe4 18. Nxe4 Bxe4 19. Be3 Rc8 20. Bd3 Bd5 21. Kb1 Nf6 22. Bxh6 Ne4 23. Bxb5+ axb5 24. Qxd5 Nf2 25. Qxb5+ Qc6 26. Qxc6+ Rxc6 27. Bg7 Rh7 28. f6 Nxd1 29. Rxd1 Bd8 30. Nd2 Kd7 31. Ne4 Rxh2 32.
Ng5 Ke8 33. Rd2 d5 34. Rxd5 Bxf6 35. Bxf6 Rxf6 36. Rxe5+ Kf8 37. Re2 Rf1+ 38. Ka2 Rg1 39. Rf2 Rgxg2 40. Rxf7+ Kg8 41. Rb7 Rxc2 42. Ne4 Rhe2 43.
Nf6+ Kf8 44. Nxg4 Ke8 45. Nf6+ Kd8 46. Nd5 Kc8 47. Rb4 Red2 48. Nb6+ Kc7 49. Na4 Rh2 50. Rg4 Rce2 51. Kb3 Kc6 52. Rg6+ Kc7 53. Rg4 Kc6 54. Rb4 Kd6 55. Ka2 Kc6 56. Nc3 Rc2 57. Rb8 Kc7 58. Rb3 Rc1 59. a4 Kc6 60. a5 Rhh1 61.
Rb6+ Kc7 62. Nd5+ Kc8 63. a6 Ra1+ 64. Kb3 Rhd1 65. Nb4 Rd4 66. Rh6 Rg4 67. Nd5 Kd7 68. Nf6+ 1-0

[Event "*** Titled Tuesday Blitz"]
[Site "Chess.com"]
[Date "2018.09.04"]
[Round "5"]
[White "wonderfultime"]
[Black "dretch"]
[Result "1/2-1/2"]
[WhiteElo "2830"]
[BlackElo "2778"]
[TimeControl "180+2"]
[EndTime "14:43:43 PDT"]
[Termination "Game drawn - insufficient material"]

1. d4 d5 2. Nf3 Nf6 3. Bf4 c5 4. c3 Nc6 5. e3 Qb6 6. Qc2 Bg4 7. Nbd2 e6 8. Ne5 Bf5 9. dxc5 Bxc5 10. Qb3 O-O 11. Be2 h6 12. O-O Rfd8 13. Qxb6 Bxb6 14. Rac1 Rac8 15. Rfd1 Nxe5 16. Bxe5 Nd7 17. Bg3 Nc5 18. Nf3 Bg4 19. h3 Bh5 20. Be5 f6 21. Bd4 e5 22.
Bxc5 Bxc5 23. Rd2 Bf7 24. Rcd1 Bb6 25. a3 Kf8 26. Bb5 Ke7 27. Ba4 Rd6 28. Bb3 Rcd8 29.
Nh4 g6 30. Bc2 f5 31. Nf3 Kf6 32. Bb3 Bc5 33. Ba2 g5 34. b4 Bb6 35. c4 Bc7 36. cxd5 Ra6 37. Rc1 Bb8 38. Rc3 Rad6 39. g4 Bxd5 40.
Bxd5 Rxd5 41. Rxd5 Rxd5 42. gxf5 Kxf5 43. Kg2 Bd6 44.
Rc4 Rd3 45. a4 a6 46. Nh2 Rb3 47. b5 axb5 48. axb5 Rxb5 49. Rc8 e4 50. Nf1 Rb2 51.
Rd8 Be5 52. Rf8+ Ke6 53. Re8+ Kd5 54. Rd8+ Kc6 55. Re8 Kd6 56. Rd8+ Ke7 57. Rd5 Ke6 58. Rd8 b5 59. Re8+ Kd6 60. Ng3 Bxg3 61. Kxg3 Kd5 62. Rh8 Rc2 63. Rxh6 Rc6 64. Rh5 Rg6 65. Kg4 b4 66. Rh8 b3 67. Rb8 Kc4 68. Kf5 Rh6 69.
Kxe4 Rxh3 70. Kf5 Rf3+ 71. Kxg5 Rxf2 72. e4 Rd2 73. e5 Rd5 74. Kf6 Rd2 75. e6 Rf2+ 76.
Kg7 Re2 77. Kf7 Kc3 78. e7 b2 79.
Rxb2 Kxb2 80. e8=Q Rxe8 81. Kxe8 1/2-1/2

[Event "*** Titled Tuesday Blitz"]
[Site "Chess.com"]
[Date "2018.09.04"]
[Round "5"]
[White "335394862"]
[Black "twitchTriniCupid"]
[Result "1-0"]
[WhiteElo "2319"]
[BlackElo "2197"]
[TimeControl "180+2"]
[EndTime "14:44:23 PDT"]
[Termination "335394862 won by resignation"]

1. e4 c6 2. Nf3 d5 3. Nc3 Bg4 4. h3 Bxf3 5. Qxf3 dxe4 6. Nxe4 Nd7 7. Qe3 e6 8. d4 Ngf6 9. Bd3 Nxe4 10.
Qxe4 Nf6 11. Qe3 Qd5 12. O-O O-O-O 13. c3 Bd6 14. c4 Qh5 15. Be2 Qg6 16. Bd3 Qh5 17.
Be2 Qg6 18. b4 Qe4 19. a3 Bc7 20. Qxe4 Nxe4 21. Bb2 Rhe8 22. Rfd1 Bf4 23. g3 Bg5 24. Kg2 Bf6 25. h4 Nd6 26. g4 h6 27. h5 Bg5 28.
Bd3 f5 29. c5 Nb5 30. gxf5 Nxd4 31. fxe6 Bf6 32. Bg6 Re7 33. Rd3 Nxe6 34. Bxf6 gxf6 35. Rxd8+ Nxd8 36. Bf5+ Kc7 37. Rd1 b6 38. f4 Ne6 39.
Kg3 bxc5 40. Re1 Kd7 41. bxc5 Re8 42. Kf2 a5 43. a4 Re7 44. Re4 Re8 45. Ke3 Re7 46.
Kd3 Re8 47. Kc4 Re7 48. Kc3 Re8 49. Kd3 Re7 50. Ke3 Re8 51. Rd4+ Kc7 52. Re4 Kd7 53.
Kf2 Re7 54. Rd4+ Kc7 55. Re4 Kd7 56. Kg3 Re8 57. Bg6 Re7 58. Bf5 Re8 59. Re1 Re7 60. Kf2 Re8 61. Rd1+ Kc7 62. Rd6 Nxc5 63. Rxf6 Rh8 64.
Bc2 Nd7 65. Rf7 Rf8 66. Rh7 Rf6 67. Kg3 Kd6 68. Bg6 Nc5 69. Rxh6 Nxa4 70. Rh8 Nc3 71.
Ra8 a4 72. f5 Ke5 73. h6 Ne2+ 74. Kg4 Nf4 75. Ra5+ Nd5 76. Rxa4 Rf8 77. Ra7 c5 78. h7 Rh8 79. Kg5 c4 80. Kh6 c3 81. Kg7 Rc8 82. h8=Q Rxh8 83. Kxh8 Kd4 84. Ra1 c2 85. f6 Nxf6 86. Bxc2 Kc3 87. Bg6 Nd5 88. Rh1 1-0

[Event "*** Titled Tuesday Blitz"]
[Site "Chess.com"]
[Date "2018.09.04"]
[Round "5"]
[White "Faqade"]
[Black "afgano29"]
[Result "0-1"]
[WhiteElo "2472"]
[BlackElo "2688"]
[TimeControl "180+2"]
[EndTime "14:44:32 PDT"]
[Termination "afgano29 won by resignation"]

1. e4 c5 2. Nf3 Nc6 3. Bb5 d6 4. Bxc6+ bxc6 5. e5 Bg4 6. h3 Bh5 7. d3 e6 8. exd6 Bxd6 9. Nbd2 Nf6 10. Ne4 Nxe4 11. dxe4 O-O 12. O-O Qc7 13. Qd3 Rfd8 14. Qc3 Qb6 15. b3 Qb4 16. Qe3 c4 17. Bb2 Bf8 18. Ne5 Qd2 19. Nxc4 Qxc2 20. Rfc1 Qe2 21. f3 Qxe3+ 22. Nxe3 Rac8 23. Kf1 f6 24. Rd1 Bf7 25. Ke2 e5 26. h4 Be6 27. h5 Kf7 28. g4 Be7 29. Rac1 Rxd1 30. Rxd1 a5 31. Bc3 Bb4 32. Bxb4 axb4 33. Rc1 Ra8 34. Rc2 Ke7 35. Nf5+ Bxf5 36. gxf5 Kd6 37. Kd3 Ra5 38. Rg2 Ra7 39. Kc4 c5 40. h6 gxh6 41. Rh2 Kc6 42. Rxh6 Rf7 43. f4 exf4 44. e5 f3 45. e6 f2 46.
Rh1 Rg7 47. Rf1 Rg4+ 48. Kd3 Rf4 49. Ke3 Rxf5 50. Ke4 Re5+ 51. Kf4 Rxe6 52. Rxf2 Rd6 53. Rh2 Rd7 54. Kf5 Rf7 55. Ke6 Ra7 56. Kxf6 Kd5 57.
Rc2 Rc7 58. Kf5 c4 59. Rd2+ Kc5 60. bxc4 Rf7+ 61. Ke6 Rf4 62. Ke5 Rxc4 63. Rh2 Rc1 64. Rxh7 Re1+ 65. Kf4 Kc4 66. Rc7+ Kd3 67. Kf3 Rf1+ 68. Kg2 Rf8 69. Kg3 Ra8 70. Rd7+ Kc3 71. Rc7+ Kb2 72. Rb7 Ra4 73. Kf3 Kxa2 74. Ke2 b3 75.
Kd2 b2 76. Kc2 Rc4+ 77. Kd3 Rc8 78. Ra7+ Kb1 79. Kd2 Rd8+ 80. Ke2 Rd4 81. Ke3 Rd5 82. Ke4 Rd8 83. Ke3 Rd1 84. Ke2 Rd5 85. Rc7 Ka2 86. Ra7+ Kb3 87. Rb7+ Ka3 88. Rb8 Rd4 89. Ke3 Rb4 90. Ra8+ Kb3 0-1

[Event "*** Titled Tuesday Blitz"]
[Site "Chess.com"]
[Date "2018.09.04"]
[Round "5"]
[White "Arm-Akiba"]
[Black "HonzaVykouk"]
[Result "1-0"]
[WhiteElo "2764"]
[BlackElo "2554"]
[TimeControl "180+2"]
[EndTime "14:44:53 PDT"]
[Termination "Arm-Akiba won by checkmate"]

1. d4 Nf6 2. c4 g6 3. Nf3 Bg7 4. g3 O-O 5. Bg2 d6 6. O-O Nc6 7. Nc3 a6 8. Bf4 Rb8 9. Rc1 Bd7 10. Qd2 b5 11. Nd5 bxc4 12. Nxf6+ Bxf6 13. Rxc4 e5 14. dxe5 Nxe5 15. Nxe5 dxe5 16. Bh6 Be6 17. Rc2 Qxd2 18. Rxd2 Rfd8 19. b3 g5 20. Rfd1 Rxd2 21. Rxd2 Be7 22. Rc2 c5 23. h4 gxh4 24. gxh4 Rb4 25.
e4 c4 26. h5 Bf8 27. Bd2 cxb3 28. axb3 Rxb3 29. h6 a5 30. Bxa5 Bxh6 31. Bd2 Bxd2 32. Rxd2 Kg7 33. f3 Kf6 34. Kf2 Ra3 35. Kg3 Kg5 36. Rd8 f6 37. Re8 Ra6 38. Re7 h5 39.
Rg7+ Kh6 40. Re7 Kg6 41. Kh4 Bf7 42. Bh3 Ra3 43. Bf5+ Kg7 44. Be6 Rxf3 45. Bxf7 Kf8 46. Ra7 f5 47. exf5 Rxf5 48. Bg6 Rf6 49. Kg5 Re6 50. Bf5 Re7 51. Ra8+ Kg7 52. Be4 Re6 53.
Ra7+ Kf8 54. Kxh5 Rf6 55. Kg5 Rf7 56. Ra8+ Ke7 57. Ra7+ Kf8 58. Ra6 Ke7 59. Bf5 Rf8 60.
Re6+ Kd7 61. Rf6+ Ke7 62. Ra6 Rg8+ 63. Bg6 Rf8 64. Be4 Rf1 65. Bf5 Rc1 66. Re6+ Kd7 67. Rxe5+ Kd6 68. Re8 Kd5 69. Kf6 Rf1 70. Rd8+ Kc5 71.
Ke5 Re1+ 72. Be4 Rg1 73. Rc8+ Kb6 74. Bd5 Rg5+ 75. Kd6 Rg6+ 76. Be6 Ka5 77. Rb8 Rf6 78. Kd5 Ka6 79. Bd7 Rb6 80. Ra8+ Kb7 81. Ra1 Kc7 82.
Be8 Rd6+ 83. Kc5 Rh6 84. Ra7+ Kd8 85. Bc6 Rh5+ 86. Bd5 Kc8 87. Kd6 Kb8 88. Rb7+ Kc8 89. Ra7 Kb8 90. Ra8# 1-0

[Event "*** Titled Tuesday Blitz"]
[Site "Chess.com"]
[Date "2018.09.04"]
[Round "5"]
[White "DanielNaroditsky"]
[Black "oskariot"]
[Result "0-1"]
[WhiteElo "2949"]
[BlackElo "2490"]
[TimeControl "180+2"]
[EndTime "14:45:01 PDT"]
[Termination "oskariot won by resignation"]

1. d4 g6 2. e4 Bg7 3. Nc3 d6 4.
Nf3 Nf6 5. Be2 O-O 6. O-O Bg4 7. Be3 Nc6 8. Qc1 e5 9. dxe5 Nxe5 10. Nxe5 dxe5 11. Rd1 Qc8 12. f3 Be6 13. Bh6 c6 14. Bxg7 Kxg7 15. Qe3 Qc7 16. a4 Qb6 17. Qxb6 axb6 18. Kf2 Rfd8 19. Rxd8 Rxd8 20. Ke3 Ra8 21. Rd1 Kf8 22. g3 Ke7 23. f4 Nd7 24. b3 f6 25.
Nb1 Nc5 26. Nd2 Rd8 27. fxe5 fxe5 28. Nf3 Rxd1 29. Bxd1 Bg4 30. Be2 Bxf3 31. Bxf3 Ne6 32. Bg4 Kd6 33. c3 Nc5 34. Bd1 Nd7 35. b4 Nf6 36. h3 h6 37. Bb3 g5 38. Bf7 Ke7 39. Bg6 Kd6 40. Bf5 Kc7 41. h4 Kd6 42. hxg5 hxg5 43. g4 Kc7 44. Kd3 Ne8 45. c4 c5 46.
Kc3 Nd6 47. Kb3 Kc6 48. Be6 Kc7 49. Bd5 Ne8 50. Be6 Nd6 51. Bf5 Kc6 52. Kc3 Ne8 53. Kb3 Nd6 54. Kc3 Ne8 55. Be6 Kc7 56. a5 bxa5 57.
bxa5 Nd6 58. Bd5 Ne8 59. Be6 Nd6 60. Bf5 Kb8 61. Kb3 Ka7 62. Ka4 Ka6 63. Bd7 Nxe4 64. Bb5+ Ka7 65. Be8 Nd6 66. Bg6 e4 67. Bh7 Ka6 68.
Bg6 e3 69. Bd3 Nf7 70. Kb3 Ne5 71. Be2 Kxa5 72. Kc3 Ka4 73. Bd1+ Ka3 74. Be2 Ka2 75. Kc2 b6 76. Kc3 Kb1 77. Bd1 Kc1 78. Be2 Ng6 79.
Kd3 Nf4+ 80. Kxe3 Nxe2 81. Kxe2 Kc2 82. Ke3 Kc3 83. Ke4 Kxc4 84. Kf5 b5 85. Kxg5 b4 86. Kf6 b3 87. g5 b2 88. g6 b1=Q 89. g7 Qg1 90. Ke7 Qxg7+ 91. Kd6 Kd3 92. Kc6 c4 93. Kb5 c3 94. Ka4 c2 95. Kb5 c1=Q 96. Ka4 Qb7 0-1

[Event "*** Titled Tuesday Blitz"]
[Site "Chess.com"]
[Date "2018.09.04"]
[Round "5"]
[White "KhalilMousavi77"]
[Black "johnathan113"]
[Result "1-0"]
[WhiteElo "2756"]
[BlackElo "2593"]
[TimeControl "180+2"]
[EndTime "14:45:11 PDT"]
[Termination "KhalilMousavi77 won on time"]

1. e4 c5 2. d4 cxd4 3. c3 d3 4. Bxd3 g6 5. Nf3 Bg7 6. O-O Nc6 7. Qe2 Nf6 8. Rd1 O-O 9. Na3 a6 10. e5 Ng4 11. Bf4 Qc7 12. Nc4 b5 13. Ne3 Ngxe5 14.
Nd5 Nxf3+ 15. Qxf3 Qd8 16. Bc7 Qe8 17. a4 bxa4 18.
Rxa4 d6 19. Rda1 Ne5 20. Qe2 Nxd3 21. Qxd3 Bd7 22. Rxa6 Bb5 23. Rxa8 Bxd3 24. Rxe8 Rxe8 25. Re1 e6 26. Nb4 Bc4 27. Bxd6 Rd8 28. Bf4 h6 29. h4 Kh7 30. Kh2 Bf6 31. Kg3 g5 32. hxg5 hxg5 33. Be5 Kg6 34. Bxf6 Kxf6 35. Re4 Bb3 36. Rd4 Ra8 37. Rd7 Ra1 38. Nc6 Rb1 39. Nd4 Bd5 40.
b4 Rd1 41. f3 Rd3 42. Rc7 e5 43. Rc5 exd4 44. Rxd5 Rxc3 45. Rxd4 Rb3 46. Rc4 Kg6 47.
Rc6+ f6 48. Rb6 Kg7 49. Rb7+ Kg6 50. Rb8 Rb2 51. Rb6 Kg7 52. Rb8 Kg6 53. b5 Kf5 54. b6 Kg6 55. Kh2 Rb1 56. b7 Kg7 57. Kg3 Rb2 58. Kh3 f5 59. f4 gxf4 60. Kh4 Rb4 61. Kg5 Kh7 62. Kxf5 Kg7 63. Ke5 Kh7 64. Kf6 Rb6+ 65.
Kf5 Rb4 66. Ke5 Kg7 67. Kd6 Rb1 68. Ke5 Rb4 69. Kf5 Kh7 70. Kf6 Rb6+ 71. Kf7 Rb4 72.
Ke6 Rb6+ 73. Ke5 Rb4 74. Kf6 Rb6+ 75. Kf7 Rb4 76. Ke8 Rb2 77. Kd7 Rb1 78. Ke6 Rb2 79.
Rf8 Rxb7 80. Rf7+ Rxf7 81. Kxf7 Kh6 82. Kf6 Kh7 83. Kf5 f3 84. gxf3 Kg8 85. Kg6 Kf8 86. Kf6 Ke8 87. f4 Kf8 88. f5 Kg8 89. Ke7 1-0

[Event "*** Titled Tuesday Blitz"]
[Site "Chess.com"]
[Date "2018.09.04"]
[Round "6"]
[White "Abrito99"]
[Black "BilodeauA"]
[Result "1-0"]
[WhiteElo "2584"]
[BlackElo "2764"]
[TimeControl "180+2"]
[EndTime "14:49:12 PDT"]
[Termination "Abrito99 won by resignation"]

1. e4 c5 2. Nf3 Nc6 3. d4 cxd4 4. c3 dxc3 5. Nxc3 e6 6. Bc4 a6 7. O-O Nge7 8. Bg5 f6 9. Be3 Ng6 10. Bb3 Be7 11. Nd5 exd5 12. exd5 Nce5 13. d6 Nxf3+ 14. gxf3 Bxd6 15. Qxd6 Qe7 16. Qd5 Qe5 17. Qf7+ Kd8 18. Bb6+ 1-0

[Event "*** Titled Tuesday Blitz"]
[Site "Chess.com"]
[Date "2018.09.04"]
[Round "6"]
[White "staz_staz"]
[Black "Nakachuk"]
[Result "0-1"]
[WhiteElo "2335"]
[BlackElo "2676"]
[TimeControl "180+2"]
[EndTime "14:49:24 PDT"]
[Termination "Nakachuk won by resignation"]

1. d4 Nf6 2. Nf3 g6 3. c4 Bg7 4. Nc3 O-O 5. e4 d6 6. Be2 e5 7. Be3 Ng4 8. Bg5 f6 9. Bh4 g5 10. Bg3 Nh6 11. c5 Nc6 12. cxd6 cxd6 13. dxe5 dxe5 14.
O-O Be6 15. Nd5 f5 16. Nxg5 Qxg5 17. Nc7 Qe7 18. Nxa8 Rxa8 19. exf5 Nxf5 20. Bf3 Rd8 21. Qa4 Ncd4 22. Be4 h5 0-1

[Event "*** Titled Tuesday Blitz"]
[Site "Chess.com"]
[Date "2018.09.04"]
[Round "6"]
[White "nitpicker"]
[Black "TastyFrenchFries"]
[Result "1/2-1/2"]
[WhiteElo "2182"]
[BlackElo "2359"]
[TimeControl "180+2"]
[EndTime "14:49:44 PDT"]
[Termination "Game drawn by agreement"]

1. d4 c5 2. e3 g6 3. Nf3 Bg7 4. Bd3 cxd4 5. exd4 Nf6 6. O-O O-O 7. c3 d6 8. h3 a6 9. Bf4 Qb6 10. Qb3 Qxb3 11. axb3 Nd5 12. Bh2 Nc6 13. Nbd2 Bd7 14. b4 Rfc8 15. Bc4 Nb6 16. Bb3 a5 17. bxa5 Nxa5 18.
Ba2 d5 19. Rfe1 Kf8 20. Ne5 Bxe5 21. Bxe5 f6 22. Bf4 Nac4 23. Bxc4 dxc4 1/2-1/2

[Event "*** Titled Tuesday Blitz"]
[Site "Chess.com"]
[Date "2018.09.04"]
[Round "6"]
[White "ChessicallyInclined"]
[Black "tony15051987"]
[Result "0-1"]
[WhiteElo "2339"]
[BlackElo "2453"]
[TimeControl "180+2"]
[EndTime "14:49:58 PDT"]
[Termination "tony15051987 won by resignation"]

1. e4 c5 2. Nf3 e6 3. d4 cxd4 4. Nxd4 Nc6 5. Nc3 Qc7 6. g3 a6 7. Bg2 Nge7 8. O-O Nxd4 9. Qxd4 Nc6 10. Qd1 Be7 11. Re1 O-O 12. Bf4 d6 13. Qd2 Ne5 14. Rad1 b5 15. a3 Rd8 16. Bg5 Bb7 17. Bxe7 Qxe7 18.
f4 Nc4 19. Qc1 Qc7 20. Rd3 Rac8 21. f5 Qc5+ 22. Kh1 Ne5 23. Rdd1 Ng4 24. Rf1 Nf2+ 25.
Rxf2 Qxf2 26. fxe6 fxe6 27. Bh3 Rxc3 28. Bxe6+ Kh8 0-1

[Event "*** Titled Tuesday Blitz"]
[Site "Chess.com"]
[Date "2018.09.04"]
[Round "6"]
[White "Der_Honigdachs"]
[Black "335394862"]
[Result "1-0"]
[WhiteElo "2332"]
[BlackElo "2310"]
[TimeControl "180+2"]
[EndTime "14:50:04 PDT"]
[Termination "Der_Honigdachs won by resignation"]

1. d4 Nf6 2. c4 e6 3. Nf3 b6 4. g3 Ba6 5. Bg2 Bxc4 6. Nc3 d5 7.
Ne5 Ba6 8. Qa4+ Nfd7 9. Nxd5 b5 10. Qb3 Nxe5 11. dxe5 exd5 12. Bxd5 c6 13. Bxf7+ Kd7 14.
Bf4 Kc7 15. e6+ Bd6 16. Rd1 Bxf4 17. Rxd8 Rxd8 18. gxf4 Kd6 19. Qc3 c5 20. Qe5+ Ke7 21.
Qg5+ 1-0

[Event "*** Titled Tuesday Blitz"]
[Site "Chess.com"]
[Date "2018.09.04"]
[Round "6"]
[White "dimke2802"]
[Black "gkchesstiger"]
[Result "0-1"]
[WhiteElo "2425"]
[BlackElo "2754"]
[TimeControl "180+2"]
[EndTime "14:50:19 PDT"]
[Termination "gkchesstiger won by resignation"]

1. d4 f5 2. Nf3 Nf6 3. g3 g6 4. Bg2 Bg7 5. O-O d6 6. c4 O-O 7.
Nc3 c6 8. Rb1 a5 9. a3 Ne4 10.
Na4 Kh8 11. c5 Be6 12. b3 Nd7 13. Qc2 Bd5 14. Rd1 Qe8 15. Nd2 Nxd2 16. Qxd2 Bxg2 17.
Kxg2 d5 18. Qc2 e5 19. dxe5 Nxe5 20. Bb2 Qe7 21. e3 g5 22. Bd4 Rae8 23. Re1 Qf7 24. Qc3 Qh5 25. f4 Qf3+ 26. Kg1 gxf4 27. gxf4 Rg8 0-1

[Event "*** Titled Tuesday Blitz"]
[Site "Chess.com"]
[Date "2018.09.04"]
[Round "6"]
[White "Schachmalanders"]
[Black "Godzillator"]
[Result "1-0"]
[WhiteElo "2372"]
[BlackElo "2294"]
[TimeControl "180+2"]
[EndTime "14:50:24 PDT"]
[Termination "Schachmalanders won by checkmate"]

1. e4 c6 2. Nf3 d5 3. exd5 cxd5 4. Ne5 a6 5. d4 Nc6 6. Nxc6 bxc6 7. Bd3 Nf6 8. O-O Bg4 9. f3 Bh5 10. Re1 Bg6 11.
c3 e6 12. Bf4 Bd6 13. Bxd6 Qxd6 14. Re2 c5 15. g3 cxd4 16. cxd4 Bxd3 17. Qxd3 O-O 18.
Nd2 Rfc8 19. Nb3 Nd7 20. f4 g6 21. Rae1 Rc4 22. Nd2 Rc6 23. Nf3 Rac8 24. Ne5 Nxe5 25.
fxe5 Qb4 26. Rf1 Rc4 27. Rf4 Rc1+ 28. Kg2 R8c7 29. Qxa6 Re1 30. Ref2 Rb1 31. Qa8+ Kg7 32. Qe8 Rxb2 33. Rxf7+ Rxf7 34. Qxf7+ Kh6 35. Qf4+ g5 36. Qf6+ Kh5 37. g4+ Kxg4 38. Qf3+ Kh4 39. Qh3# 1-0

[Event "*** Titled Tuesday Blitz"]
[Site "Chess.com"]
[Date "2018.09.04"]
[Round "6"]
[White "northridgehawk"]
[Black "HanSchut"]
[Result "0-1"]
[WhiteElo "2122"]
[BlackElo "2218"]
[TimeControl "180+2"]
[EndTime "14:50:28 PDT"]
[Termination "HanSchut won by resignation"]

1. e4 c5 2. Nf3 d6 3. d4 cxd4 4.
Nxd4 Nf6 5. Nc3 a6 6. h3 e6 7. g4 d5 8. exd5 Nxd5 9. Nxd5 Qxd5 10.
Nf3 Qxd1+ 11. Kxd1 Bc5 12. Ke1 Nc6 13. Bg2 Nb4 14. Kd1 Bxf2 15. Bf4 O-O 16. Ke2 Bc5 17. c3 Nd5 18. Bg3 Ne3 19. Bf1 Bd7 20. a4 Nxf1 21.
Rhxf1 Rfd8 22. Ne5 Be8 23. Nd3 Be7 24. Bf2 b5 25.
Bb6 Rdb8 26. axb5 Rxb6 27. bxa6 Rbxa6 28. Rad1 Bb5 29. Ke3 Rd6 30. Ne5 Rxd1 31. Rxd1 Rd8 32. Ra1 f6 33. Nf3 Rd3+ 34. Kf2 Bc5+ 35. Kg2 Bc6 0-1

[Event "*** Titled Tuesday Blitz"]
[Site "Chess.com"]
[Date "2018.09.04"]
[Round "6"]
[White "Quiet_Desperation"]
[Black "Blagorod"]
[Result "0-1"]
[WhiteElo "1899"]
[BlackElo "2013"]
[TimeControl "180+2"]
[EndTime "14:50:34 PDT"]
[Termination "Blagorod won by resignation"]

1. e4 e5 2. Nf3 Nf6 3. Nxe5 d6 4. Nf3 Nxe4 5. d4 d5 6. h3 Nc6 7. c4 Be7 8. Bd3 O-O 9. O-O Nb4 10. cxd5 Nxd3 11.
Qxd3 Qxd5 12. Nc3 Nxc3 13. bxc3 Bf5 14. Qe2 Bf6 15. c4 Qd6 16. Be3 Rfe8 17. Rfd1 Re7 18.
Qb2 b6 19. a4 Qc6 20. Qb4 a5 21. Qb3 Bxh3 22. d5 Qd7 23. gxh3 Bxa1 24. Rxa1 Qxh3 25.
Bf4 Rae8 26. Bg3 h5 27. Qd3 Qg4 28. Qd4 Qxf3 29. d6 Re1+ 0-1

[Event "*** Titled Tuesday Blitz"]
[Site "Chess.com"]
[Date "2018.09.04"]
[Round "6"]
[White "yosephtaher"]
[Black "ahmadzada13"]
[Result "0-1"]
[WhiteElo "2702"]
[BlackElo "2649"]
[TimeControl "180+2"]
[EndTime "14:50:46 PDT"]
[Termination "ahmadzada13 won by resignation"]

1. e4 e6 2. d4 d5 3. Nc3 Bb4 4. e5 c6 5. f4 Ne7 6. Nf3 O-O 7. Bd3 c5 8. Bxh7+ Kxh7 9. Ng5+ Kg6 10. Qg4 f5 11.
exf6 Kxf6 12. O-O Nbc6 13. f5 exf5 14. Qh5 g6 15. Qh7 Nxd4 16. Bf4 Bxc3 17. bxc3 Ne2+ 18. Kh1 Nxf4 19. Rxf4 Rh8 20. Qf7+ Kxg5 21. Raf1 Qf8 0-1

[Event "*** Titled Tuesday Blitz"]
[Site "Chess.com"]
[Date "2018.09.04"]
[Round "6"]
[White "KhalilMousavi77"]
[Black "gmjlh"]
[Result "1-0"]
[WhiteElo "2763"]
[BlackElo "2707"]
[TimeControl "180+2"]
[EndTime "14:50:49 PDT"]
[Termination "KhalilMousavi77 won by resignation"]

1. e4 c6 2. d4 d5 3. e5 Bf5 4.
Nf3 e6 5. Be3 Ne7 6. Nbd2 Bg6 7.
Nb3 Nf5 8. Bd2 Be7 9. Be2 O-O 10. O-O Nd7 11. g4 Nh4 12. Nxh4 Bxh4 13. f4 f5 14. g5 h6 15. gxh6 gxh6 16. Kh1 Kh7 17. Rg1 Rg8 18. Qf1 b6 19. Qh3 Bf2 20. Rg2 Bh4 21. Rag1 Bf7 22. Rxg8 Bxg8 23. Bh5 Nf8 24. Qg2 1-0

[Event "*** Titled Tuesday Blitz"]
[Site "Chess.com"]
[Date "2018.09.04"]
[Round "6"]
[White "indfraeng"]
[Black "RiskyDecision"]
[Result "1-0"]
[WhiteElo "1974"]
[BlackElo "2414"]
[TimeControl "180+2"]
[EndTime "14:50:51 PDT"]
[Termination "indfraeng won by checkmate"]

1. d4 Nf6 2. c4 e6 3. g3 d5 4. Nf3 dxc4 5. Bg2 Bd7 6. Ne5 Bc6 7.
Nxc6 Nxc6 8. Bxc6+ bxc6 9. O-O c5 10. dxc5 Bxc5 11. Qa4+ Qd7 12. Qxc4 Bb6 13. Bg5 Qd5 14. Qxd5 Nxd5 15. e4 Nb4 16. Nc3 Nd3 17. b3 f6 18.
Be3 Bxe3 19. fxe3 O-O-O 20. Rfd1 Kb7 21. Nb5 e5 22. Rd2 Nc5 23. Rc2 Nxe4 24. Rxc7+ Kb6 25. a4 a6 26. Rac1 axb5 27. R1c6+ Ka5 28. Rb7 Rd1+ 29. Kg2 bxa4 30. b4# 1-0

[Event "*** Titled Tuesday Blitz"]
[Site "Chess.com"]
[Date "2018.09.04"]
[Round "6"]
[White "bugsbunny444"]
[Black "Drags95"]
[Result "0-1"]
[WhiteElo "2428"]
[BlackElo "2659"]
[TimeControl "180+2"]
[EndTime "14:51:10 PDT"]
[Termination "Drags95 won by resignation"]

1. Nf3 Nf6 2. c4 g6 3. b4 Bg7 4.
Bb2 O-O 5. g3 d6 6. Bg2 e5 7. O-O e4 8. Nd4 Re8 9. Nc3 h5 10. Qc2 Qe7 11. Nd5 Nxd5 12. cxd5 Na6 13. a3 h4 14. e3 h3 15. Bh1 Bg4 16. d3 exd3 17. Qxd3 Nc5 18. bxc5 dxc5 19. Nc6 bxc6 20. Bxg7 Kxg7 21. dxc6 Rad8 22. Qc3+ Qe5 23. Rfc1 Rd1+ 0-1

[Event "*** Titled Tuesday Blitz"]
[Site "Chess.com"]
[Date "2018.09.04"]
[Round "6"]
[White "HonzaVykouk"]
[Black "snowlord"]
[Result "1-0"]
[WhiteElo "2565"]
[BlackElo "2697"]
[TimeControl "180+2"]
[EndTime "14:51:14 PDT"]
[Termination "HonzaVykouk won by checkmate"]

1. e4 c5 2. Nf3 d6 3. d4 cxd4 4. Nxd4 Nf6 5. Nc3 a6 6. Bg5 Nbd7 7. Qe2 g6 8. f4 Bg7 9. e5 O-O 10. O-O-O dxe5 11. fxe5 Qa5 12. Nf3 Ng4 13. Rd5 b5 14.
h3 e6 15. Rxd7 b4 16. hxg4 bxc3 17. Rd3 Qxa2 18. Rxc3 Rb8 19. b3 Bb7 20. Qe1 Rfc8 21. Bc4 Bd5 22. Qh4 h5 23. gxh5 Bxc4 24. hxg6 Bxb3 25.
Qh7+ Kf8 26. Qh8+ Bxh8 27. Rxh8+ Kg7 28. Bf6+ Kxg6 29. Nh4# 1-0

[Event "*** Titled Tuesday Blitz"]
[Site "Chess.com"]
[Date "2018.09.04"]
[Round "6"]
[White "Ksenia_Legenko"]
[Black "CrushingKings"]
[Result "0-1"]
[WhiteElo "2055"]
[BlackElo "1996"]
[TimeControl "180+2"]
[EndTime "14:51:19 PDT"]
[Termination "CrushingKings won by resignation"]

1. d4 Nf6 2. c4 g6 3. g3 Bg7 4. Bg2 d6 5. Nf3 O-O 6. O-O Nbd7 7. Nc3 c5 8. e4 Ne8 9. Be3 Nc7 10. Qd2 Re8 11. Rfe1 Rb8 12. a4 b6 13. Rad1 Bb7 14. Qc2 a6 15. h3 Ne6 16. d5 Nc7 17. Rf1 Bc8 18. Ne1 b5 19. axb5 axb5 20. b3 bxc4 21. bxc4 Ne5 22. Na4 Ba6 23. Nd3 Bxc4 24. Nxe5 Bb3 25.
Qd2 Bxe5 26. Nc3 Bxd1 27. Rxd1 Rb3 28. Ne2 Qa8 29. Bf1 Qa4 30. Rc1 Qxe4 31. Kh2 Reb8 32. Bg2 Qd3 33. Qe1 Rb1 0-1

[Event "*** Titled Tuesday Blitz"]
[Site "Chess.com"]
[Date "2018.09.04"]
[Round "6"]
[White "51616516516"]
[Black "PowerThinking2650"]
[Result "1-0"]
[WhiteElo "2209"]
[BlackElo "2229"]
[TimeControl "180+2"]
[EndTime "14:51:31 PDT"]
[Termination "51616516516 won by resignation"]

1. d4 Nf6 2. c4 g6 3. Nf3 Bg7 4.
g3 O-O 5. Bg2 d6 6. O-O Nbd7 7.
Nc3 e5 8. e4 exd4 9. Nxd4 Re8 10. Be3 Nb6 11. b3 Ng4 12. Bf4 c6 13. h3 Ne5 14. Be3 Qf6 15. Qd2 Nexc4 16. bxc4 Nxc4 17.
Qe2 Nxe3 18. fxe3 Qg5 19. Qf3 Re6 20. Qxf7+ Kh8 21. Nxe6 Bxe6 22. Qxe6 Qxe3+ 23. Kh2 Bxc3 24. Rad1 Be5 25. Rf3 Qh6 26. Rdf1 1-0